 Dungeon Crawl Stone Soup version 0.22-a0-346-ga714374 (webtiles) character file.

5269 operationiv the Grappler (level 10, -14/73 (76) HPs)
             Began as a Gnoll Transmuter on Apr 6, 2018.
             Was a Believer of Okawaru.
             Demolished by a yak (18 damage)
             ... on level 9 of the Dungeon.
             The game lasted 00:18:15 (9383 turns).

operationiv the Grappler (Gnoll Transmuter)         Turns: 9383, Time: 00:18:16

HP:   -14/73 (76)   AC:  2    Str: 16    XL:     10   Next: 62%
MP:   16/21         EV: 27    Int: 16    God:    Okawaru [**....]
Gold: 543           SH:  0    Dex: 20    Spells: 17/23 levels left

rFire    . . .     SeeInvis .     - Unarmed
rCold    . . .     Gourm    .   (shield currently unavailable)
rNeg     . . .     Faith    .   (armour currently unavailable)
rPois    x         Spirit   .   (helmet currently unavailable)
rElec    .         Reflect  .   (cloak currently unavailable)
rCorr    .         Harm     .   (gloves currently unavailable)
MR       .....                  (boots currently unavailable)
Stlth    +++.......             (no amulet)
HPRegen  0.22/turn              (no ring)
MPRegen  0.17/turn              (no ring)

@: spider-form
A: tiny, distributed training, strong nose
a: End Transformation, Heroism, Renounce Religion


You were on level 9 of the Dungeon.
You worshipped Okawaru.
Okawaru was pleased with you.
You were not hungry.
You were a venomous arachnid creature.
You visited 2 branches of the dungeon, and saw 10 of its levels.

You collected 543 gold pieces.

Inventory:

Hand Weapons
 F - a +0 hand axe of chopping (melded)
   (You took it off an orc on level 5 of the Dungeon)
Missiles
 a - 70 arrows
 D - 3 throwing nets {=f, !d}
Armour
 n - the +2 ring mail of Dige (melded) {Dex+6}
   (You found it on level 5 of the Dungeon)

   It affects your dexterity (+6).
 r - a +0 helmet (melded)
   (You took it off Robin on level 2 of the Dungeon)
 x - a +2 cloak (melded)
   (You found it on level 3 of the Dungeon)
 y - a +0 pair of gloves (melded)
   (You found it on level 4 of the Dungeon)
 z - a +0 plate armour
   (You found it on level 4 of the Dungeon)
 K - the cursed +0 robe of Bura Fil {rC++, unknown}
   (You found it on level 8 of the Dungeon)

   It greatly protects you from cold.
   It has a curse placed upon it.
Jewellery
 t - an uncursed ring of positive energy {unknown}
   (You found it on level 3 of the Dungeon)
 E - an uncursed ring of wizardry {unknown}
   (You found it on level 5 of the Dungeon)
 H - an uncursed ring of positive energy {unknown}
   (You found it on level 6 of the Dungeon)
 I - a cursed ring of teleportation {unknown}
   (You found it on level 6 of the Dungeon)
Wands
 b - a wand of flame (38)
   (You found it on level 6 of the Dungeon)
Scrolls
 c - 7 scrolls of remove curse {unknown}
 e - 6 scrolls of identify {unknown}
 f - 3 scrolls of fog {unknown}
 g - 2 scrolls of amnesia {unknown}
 h - 4 scrolls of teleportation {unknown}
 j - 3 scrolls of enchant armour {unknown}
 p - 2 scrolls of enchant weapon {unknown}
 s - a scroll of magic mapping {unknown}
 v - a scroll of random uselessness {unknown}
Potions
 i - a potion of lignification {unknown}
 k - a potion of agility {unknown}
 l - 6 potions of brilliance {unknown}
 m - 5 potions of curing {unknown}
 B - a potion of haste {unknown}
 G - a potion of magic {unknown}
 L - 2 potions of ambrosia {unknown}
Comestibles
 d - 7 rations {@e1}


   Skills:
 + Level 6.0 Fighting
 + Level 5.3 Short Blades
 + Level 5.3 Long Blades
 + Level 5.3 Axes
 + Level 5.3 Maces & Flails
 + Level 5.3 Polearms
 + Level 5.3 Staves
 + Level 5.3 Slings
 + Level 5.3 Bows
 + Level 5.3 Crossbows
 + Level 5.3 Throwing
 + Level 5.3 Armour
 + Level 7.1 Dodging
 + Level 5.3 Stealth
 + Level 5.3 Shields
 + Level 8.5 Unarmed Combat
 + Level 7.4 Spellcasting
 + Level 4.4 Conjurations
 + Level 4.4 Hexes
 + Level 4.4 Charms
 + Level 4.4 Summonings
 + Level 4.4 Necromancy
 + Level 4.4 Translocations
 + Level 5.9 Transmutations
 + Level 4.4 Fire Magic
 + Level 4.4 Ice Magic
 + Level 4.4 Air Magic
 + Level 4.4 Earth Magic
 + Level 4.4 Poison Magic
 + Level 5.9 Invocations
 + Level 5.3 Evocations


You had 17 spell levels left.
You knew the following spells:

 Your Spells              Type           Power        Failure   Level  Hunger
a - Beastly Appendage     Tmut           ###...       5%          1    None
c - Spider Form           Tmut/Pois      ###.......   13%         3    ##.....
s - Sticks to Snakes      Tmut           ###.....     7%          2    None


Dungeon Overview and Level Annotations

Branches:
Dungeon (9/15)             Temple (1/1) D:7            Lair (0/6) D:9
    Orc: D:9-12

Altars:
Ashenzari
Cheibriados
Dithmenos
Elyvilon
Fedhas
Gozag
Hepliaklqana
Kikubaaqudgha
Makhleb
Nemelex Xobeh
Okawaru
Qazlal
Ru
Sif Muna
Trog
Uskayaw
Vehumet
Wu Jian
Xom
Yredelemnul
Zin
The Shining One

Annotations:
D:3 1 runed door


Innate Abilities, Weirdness & Mutations

Your experience applies equally to all skills.
((You have very sharp teeth.))
Your uncanny sense of smell can sniff out nearby items.


Message History

Casting: Sticks to Snakes (safe; 3% risk of failure)
You miscast Spider Form.
Nothing appears to happen.
Your adder withers and dies!
Your ball python completely misses the two-headed ogre.
Your adder bites the two-headed ogre but does no damage.
The two-headed ogre completely misses your adder.
The two-headed ogre hits your adder with a giant club!
Your adder dies!
You now have 9/20 mp.
You turn into a venomous arachnid creature.
Your +0 hand axe of chopping melds into your body.
Your +2 cloak melds into your body.
Your +0 helmet melds into your body.
Your +0 pair of gloves melds into your body.
The +2 ring mail of Dige {Dex+6} melds into your body.
Your adder bites the two-headed ogre but does no damage.
Your ball python bites the two-headed ogre.
You now have 6/20 mp.
Your adder closely misses the two-headed ogre.
Your ball python bites the two-headed ogre.
The two-headed ogre completely misses you.
The two-headed ogre barely misses you.
You hit the two-headed ogre.
The two-headed ogre is poisoned.
Your adder bites the two-headed ogre.
Your ball python bites the two-headed ogre.
The two-headed ogre misses you.
The two-headed ogre completely misses you.
Your adder bites the two-headed ogre.
The two-headed ogre looks as sick as possible!
Your adder poisons the two-headed ogre!
You bite the two-headed ogre!
The two-headed ogre looks as sick as possible!
Your ball python bites the two-headed ogre.
Your adder barely misses the two-headed ogre.
You hit the two-headed ogre.
The two-headed ogre looks as sick as possible!
Your ball python closely misses the two-headed ogre.
The two-headed ogre closely misses you. x2
Your adder bites the two-headed ogre.
The two-headed ogre looks as sick as possible!
Your adder poisons the two-headed ogre!
You hit the two-headed ogre.
The two-headed ogre looks as sick as possible!
Your ball python bites the two-headed ogre.
Your adder bites the two-headed ogre.
The two-headed ogre hits you with a giant club.
The two-headed ogre hits you with a giant club!!
* * * LOW HITPOINT WARNING * * *
You take 24 damage, and have 6/73 hp.
MASSIVE DAMAGE!!
You hit the two-headed ogre.
The two-headed ogre looks as sick as possible!
Your ball python bites the two-headed ogre but does no damage.
Your adder bites the two-headed ogre but does no damage.
Your ball python bites the two-headed ogre but does no damage.
Your adder bites the two-headed ogre.
You kill the two-headed ogre!
Okawaru is honoured by your kill.
Your Fighting skill increases to level 6!
You start resting.
Your transformation is almost over.
You regained 3 hp, and now have 9/73 hp.
You regained 2 mp, and now have 9/21 mp.
Your adder withers and dies!
There is a stone staircase leading up here.
You start resting.
Your transformation has ended.
Your +0 hand axe of chopping unmelds from your body.
Your +2 cloak unmelds from your body.
Your +0 helmet unmelds from your body.
Your +0 pair of gloves unmelds from your body.
The +2 ring mail of Dige {Dex+6} unmelds from your body.
You start resting.
Your ball python withers and dies!
Your magical contamination has completely faded away.
You regained 3 hp, and now have 14/73 hp.
You regained 2 mp, and now have 13/21 mp.
You start resting.
Eating a chunk of flesh {@w0}.
You eat the chunk of flesh {@w0}.
You regained 5 hp, and now have 19/73 hp.
You regained 4 mp, and now have 17/21 mp.
A yak is nearby!
A yak is nearby!
A yak is nearby!
You turn into a venomous arachnid creature.
Your +0 hand axe of chopping melds into your body.
Your +2 cloak melds into your body.
Your +0 helmet melds into your body.
Your +0 pair of gloves melds into your body.
The +2 ring mail of Dige {Dex+6} melds into your body.
The yak bellows!
You now have 15/21 mp.
The yak gores you!
* * * LOW HITPOINT WARNING * * *
You take 16 damage, and have 5/73 hp.
MASSIVE DAMAGE!!
You bite the yak!
The yak is poisoned.
The yak misses you.
You hit the yak.
The yak looks as sick as possible!
The yak gores you.
* * * LOW HITPOINT WARNING * * *
You take 2 damage, and have 3/73 hp.
You hit the yak.
The yak looks as sick as possible!
The yak gores you!!
You die...

#....#....#.##.......
#....#.##.#.######.##
#......##............
#....#####..####.....
#....# #.###. ....
#....#####..... ..
#.......#..(..##.#
#....<.........#.#
#...sY...........#
#......[.......<#
#...............# #
#...............#####
#............†.......
##.............######
##.....#.....##
#########...# #...#


You could see a yak.

Vanquished Creatures
  A two-headed ogre (D:9)
  Sigmund (D:2)
  3 yaks (D:9)
  Grum (D:8)
  2 hungry ghosts
  Menkaure (D:6)
  The ghost of pooptown the Insei, an amateur OpTm (D:3)
  2 black bears
  A porcupine (D:9)
  An ice beast (D:9)
  2 phantoms (D:7)
  2 ogres (D:4)
  2 centaurs
  3 necrophages
  3 wolves (D:8)
  10 bullfrogs
  3 scorpions
  2 wyvern skeletons (D:6)
  2 howler monkeys (D:4)
  4 electric eels (D:6)
  A crimson imp (D:8)
  3 hounds
  A bullfrog skeleton (D:9)
  5 orc priests
  4 orc wizards
  Jessica (D:2)
  5 iguanas
  7 worker ants
  3 hound zombies
  Robin (D:2)
  5 adders
  3 gnolls (D:7)
  3 shadow imps
  2 oozes
  An adder skeleton (D:5)
  6 worms
  8 dart slugs
  7 leopard geckos
  15 orcs
  3 bats
  5 giant cockroaches
  15 goblins
  13 hobgoblins
  6 jackals
  5 kobolds
  5 quokkas
  5 frilled lizards
  A leopard gecko zombie (D:5)
  6 rats
192 creatures vanquished.

Vanquished Creatures (collateral kills)
  An orc (D:7)
1 creature vanquished.

Vanquished Creatures (others)
  9 fungi (D:9)
9 creatures vanquished.

Grand Total: 202 creatures vanquished

Notes
Turn   | Place    | Note
-------+----------+-------------------------------------------
     0 | D:1      | operationiv the Gnoll Transmuter began the quest for the Orb.
     0 | D:1      | Reached XP level 1. HP: 17/17 MP: 6/6
   209 | D:1      | Reached XP level 2. HP: 16/23 MP: 7/7
   403 | D:1      | Reached XP level 3. HP: 28/28 MP: 9/9
   452 | D:2      | Noticed Sigmund
   459 | D:2      | Learned a level 3 spell: Spider Form
   466 | D:2      | Killed Sigmund
   466 | D:2      | Reached skill level 3 in Fighting
   466 | D:2      | Reached skill level 1 in Short Blades
   466 | D:2      | Reached skill level 1 in Long Blades
   466 | D:2      | Reached skill level 1 in Axes
   466 | D:2      | Reached skill level 1 in Maces & Flails
   466 | D:2      | Reached skill level 1 in Polearms
   466 | D:2      | Reached skill level 1 in Staves
   466 | D:2      | Reached skill level 1 in Slings
   466 | D:2      | Reached skill level 1 in Bows
   466 | D:2      | Reached skill level 1 in Crossbows
   466 | D:2      | Reached skill level 1 in Throwing
   466 | D:2      | Reached skill level 1 in Armour
   466 | D:2      | Reached skill level 1 in Stealth
   466 | D:2      | Reached skill level 1 in Shields
   466 | D:2      | Reached skill level 5 in Spellcasting
   466 | D:2      | Reached skill level 1 in Conjurations
   466 | D:2      | Reached skill level 1 in Hexes
   466 | D:2      | Reached skill level 1 in Charms
   466 | D:2      | Reached skill level 1 in Summonings
   466 | D:2      | Reached skill level 1 in Necromancy
   466 | D:2      | Reached skill level 1 in Translocations
   466 | D:2      | Reached skill level 4 in Transmutations
   466 | D:2      | Reached skill level 1 in Fire Magic
   466 | D:2      | Reached skill level 1 in Ice Magic
   466 | D:2      | Reached skill level 1 in Air Magic
   466 | D:2      | Reached skill level 1 in Earth Magic
   466 | D:2      | Reached skill level 1 in Poison Magic
   466 | D:2      | Reached skill level 1 in Invocations
   466 | D:2      | Reached skill level 1 in Evocations
   466 | D:2      | Reached XP level 4. HP: 23/35 MP: 3/11
   466 | D:2      | Reached XP level 5. HP: 27/41 MP: 3/12
   647 | D:2      | Noticed Jessica
   654 | D:2      | Killed Jessica
   845 | D:2      | Noticed Robin
   853 | D:2      | Reached XP level 6. HP: 40/47 MP: 9/13
   873 | D:2      | Killed Robin
   873 | D:2      | Reached skill level 2 in Invocations
  1924 | D:3      | Noticed pooptown's ghost (amateur OpTm)
  1934 | D:3      | Killed pooptown's ghost
  1934 | D:3      | Reached skill level 2 in Short Blades
  1934 | D:3      | Reached skill level 2 in Long Blades
  1934 | D:3      | Reached skill level 2 in Axes
  1934 | D:3      | Reached skill level 2 in Maces & Flails
  1934 | D:3      | Reached skill level 2 in Polearms
  1934 | D:3      | Reached skill level 2 in Staves
  1934 | D:3      | Reached skill level 2 in Slings
  1934 | D:3      | Reached skill level 2 in Bows
  1934 | D:3      | Reached skill level 2 in Crossbows
  1934 | D:3      | Reached skill level 2 in Throwing
  1934 | D:3      | Reached skill level 2 in Armour
  1934 | D:3      | Reached skill level 5 in Dodging
  1934 | D:3      | Reached skill level 2 in Stealth
  1934 | D:3      | Reached skill level 2 in Shields
  1934 | D:3      | Reached skill level 2 in Evocations
  2034 | D:3      | Reached XP level 7. HP: 36/52 MP: 12/15
  2159 | D:3      | Found a runed door.
  2913 | D:4      | Reached skill level 7 in Unarmed Combat
  2923 | D:4      | Reached skill level 2 in Conjurations
  2923 | D:4      | Reached skill level 2 in Hexes
  2923 | D:4      | Reached skill level 2 in Charms
  2923 | D:4      | Reached skill level 2 in Summonings
  2923 | D:4      | Reached skill level 2 in Necromancy
  2923 | D:4      | Reached skill level 2 in Translocations
  2923 | D:4      | Reached skill level 2 in Fire Magic
  2923 | D:4      | Reached skill level 2 in Ice Magic
  2923 | D:4      | Reached skill level 2 in Air Magic
  2923 | D:4      | Reached skill level 2 in Earth Magic
  2923 | D:4      | Reached skill level 2 in Poison Magic
  3405 | D:4      | Reached skill level 3 in Invocations
  3569 | D:4      | Reached XP level 8. HP: 57/60 MP: 14/16
  3920 | D:4      | Reached skill level 4 in Fighting
  3939 | D:4      | Found a blossoming altar of Fedhas.
  4039 | D:4      | Reached skill level 3 in Short Blades
  4039 | D:4      | Reached skill level 3 in Long Blades
  4039 | D:4      | Reached skill level 3 in Axes
  4039 | D:4      | Reached skill level 3 in Maces & Flails
  4039 | D:4      | Reached skill level 3 in Polearms
  4039 | D:4      | Reached skill level 3 in Staves
  4039 | D:4      | Reached skill level 3 in Slings
  4039 | D:4      | Reached skill level 3 in Bows
  4039 | D:4      | Reached skill level 3 in Crossbows
  4039 | D:4      | Reached skill level 3 in Throwing
  4039 | D:4      | Reached skill level 3 in Armour
  4039 | D:4      | Reached skill level 3 in Stealth
  4039 | D:4      | Reached skill level 3 in Shields
  4039 | D:4      | Reached skill level 3 in Evocations
  4148 | D:5      | Entered Level 5 of the Dungeon
  4374 | D:5      | Got a smoking ring mail
  4389 | D:5      | Reached skill level 6 in Spellcasting
  4510 | D:5      | Found a shattered altar of Ashenzari.
  4560 | D:5      | Found a white marble altar of Elyvilon.
  4560 | D:5      | Found a glowing golden altar of the Shining One.
  5272 | D:6      | Identified the +2 ring mail of Dige {Dex+6} (You found it on level 5 of the Dungeon)
  5460 | D:6      | HP: 13/61 [electric eel/bolt of electricity (9)]
  5753 | D:6      | Reached skill level 4 in Invocations
  5771 | D:6      | HP: 13/61 [electric eel/bolt of electricity (6)]
  6015 | D:6      | Reached skill level 3 in Conjurations
  6015 | D:6      | Reached skill level 3 in Hexes
  6015 | D:6      | Reached skill level 3 in Charms
  6015 | D:6      | Reached skill level 3 in Summonings
  6015 | D:6      | Reached skill level 3 in Necromancy
  6015 | D:6      | Reached skill level 3 in Translocations
  6015 | D:6      | Reached skill level 3 in Fire Magic
  6015 | D:6      | Reached skill level 3 in Ice Magic
  6015 | D:6      | Reached skill level 3 in Air Magic
  6015 | D:6      | Reached skill level 3 in Earth Magic
  6015 | D:6      | Reached skill level 3 in Poison Magic
  6257 | D:6      | Reached skill level 6 in Dodging
  6257 | D:6      | Reached XP level 9. HP: 39/66 MP: 14/18
  6333 | D:6      | Reached skill level 5 in Transmutations
  6750 | D:6      | Noticed Menkaure
  6760 | D:6      | Killed Menkaure
  6887 | D:6      | Learned a level 2 spell: Sticks to Snakes
  7090 | D:7      | Found a staircase to the Ecumenical Temple.
  7117 | Temple   | Entered the Ecumenical Temple
  7336 | D:7      | Reached skill level 4 in Short Blades
  7336 | D:7      | Reached skill level 4 in Long Blades
  7336 | D:7      | Reached skill level 4 in Axes
  7336 | D:7      | Reached skill level 4 in Maces & Flails
  7336 | D:7      | Reached skill level 4 in Polearms
  7336 | D:7      | Reached skill level 4 in Staves
  7336 | D:7      | Reached skill level 4 in Slings
  7336 | D:7      | Reached skill level 4 in Bows
  7336 | D:7      | Reached skill level 4 in Crossbows
  7336 | D:7      | Reached skill level 4 in Throwing
  7336 | D:7      | Reached skill level 4 in Armour
  7336 | D:7      | Reached skill level 4 in Stealth
  7336 | D:7      | Reached skill level 4 in Shields
  7336 | D:7      | Reached skill level 4 in Evocations
  7530 | D:7      | Found a bloodstained altar of Trog.
  7859 | D:7      | Reached skill level 5 in Fighting
  8166 | D:8      | Noticed Grum
  8179 | D:8      | Reached skill level 8 in Unarmed Combat
  8192 | D:7      | Reached skill level 5 in Invocations
  8623 | D:8      | Killed Grum
  8677 | D:8      | Found an iron altar of Okawaru.
  8683 | D:8      | Became a worshipper of Warmaster Okawaru
  8690 | D:8      | Got a thick robe
  8703 | D:8      | Noticed a two-headed ogre
  8716 | D:9      | HP: 17/68 [hungry ghost (3)]
  8721 | D:9      | HP: 11/68 [hungry ghost (2)]
  8724 | D:9      | Reached skill level 7 in Spellcasting
  8724 | D:9      | Reached XP level 10. HP: 13/74 MP: 18/20
  8805 | D:9      | Reached skill level 4 in Conjurations
  8805 | D:9      | Reached skill level 4 in Hexes
  8805 | D:9      | Reached skill level 4 in Charms
  8805 | D:9      | Reached skill level 4 in Summonings
  8805 | D:9      | Reached skill level 4 in Necromancy
  8805 | D:9      | Reached skill level 4 in Translocations
  8805 | D:9      | Reached skill level 4 in Fire Magic
  8805 | D:9      | Reached skill level 4 in Ice Magic
  8805 | D:9      | Reached skill level 4 in Air Magic
  8805 | D:9      | Reached skill level 4 in Earth Magic
  8805 | D:9      | Reached skill level 4 in Poison Magic
  9079 | D:9      | Reached skill level 5 in Short Blades
  9079 | D:9      | Reached skill level 5 in Long Blades
  9079 | D:9      | Reached skill level 5 in Axes
  9079 | D:9      | Reached skill level 5 in Maces & Flails
  9079 | D:9      | Reached skill level 5 in Polearms
  9079 | D:9      | Reached skill level 5 in Staves
  9079 | D:9      | Reached skill level 5 in Slings
  9079 | D:9      | Reached skill level 5 in Bows
  9079 | D:9      | Reached skill level 5 in Crossbows
  9079 | D:9      | Reached skill level 5 in Throwing
  9079 | D:9      | Reached skill level 5 in Armour
  9079 | D:9      | Reached skill level 5 in Stealth
  9079 | D:9      | Reached skill level 5 in Shields
  9079 | D:9      | Reached skill level 5 in Evocations
  9094 | D:9      | Found a staircase to the Lair.
  9180 | D:9      | Reached * piety under Okawaru
  9256 | D:9      | Noticed a two-headed ogre
  9285 | D:9      | Reached skill level 7 in Dodging
  9308 | D:9      | HP: 6/73 [two-headed ogre/giant club (20)]
  9311 | D:9      | Killed a two-headed ogre
  9311 | D:9      | Reached ** piety under Okawaru
  9311 | D:9      | Reached skill level 6 in Fighting
  9378 | D:9      | HP: 5/73 [yak (16)]
  9383 | D:9      | Demolished by a yak

Vault maps used:
D:1:      minmay_arrival_split_and_join
D:2:      first_ration, kennysheep_pointless_box, minmay_pentomino_x4,
          uniq_sigmund, uniq_robin, uniq_jessica
D:3:      minmay_item_behind_shaft, hangedman_decor_clover_reticule,
          dk_noncrumbling_3, uniq_crazy_yiuf_cottage
D:4:      cheibrodos_pilgrimage, fedhas_altar_1
D:5:      ashenzari_altar_1, chequers_temple_overflow_statue_of_worship
D:6:      kennysheep_slugbush, uniq_menkaure
D:7:      minmay_thick_lines, bloody_trog, minmay_temple_entry_statues_pillars,
          lightli_corner_chamber
D:8:      okawaru_metal_pillars_1_2, hangedman_little_slice_of_home, uniq_grum
D:9:      due_lair_maze_entry_diamond
Temple:   kb_temple_of_zot

Skill      XL: |  1  2  3  4  5  6  7  8  9 10 |
---------------+-------------------------------+-----
Fighting       | 3 4 5 6 |  6.0
Short Blades   | 1 2 3 4 5 |  5.3
Long Blades    | 1 2 3 4 5 |  5.3
Axes           | 1 2 3 4 5 |  5.3
Maces & Flails | 1 2 3 4 5 |  5.3
Polearms       | 1 2 3 4 5 |  5.3
Staves         | 1 2 3 4 5 |  5.3
Slings         | 1 2 3 4 5 |  5.3
Bows           | 1 2 3 4 5 |  5.3
Crossbows      | 1 2 3 4 5 |  5.3
Throwing       | 1 2 3 4 5 |  5.3
Armour         | 1 2 3 4 5 |  5.3
Stealth        | 1 2 3 4 5 |  5.3
Shields        | 1 2 3 4 5 |  5.3
Spellcasting   | 5 6 7 |  7.4
Conjurations   | 1 2 3 4 |  4.4
Hexes          | 1 2 3 4 |  4.4
Charms         | 1 2 3 4 |  4.4
Summonings     | 1 2 3 4 |  4.4
Necromancy     | 1 2 3 4 |  4.4
Translocations | 1 2 3 4 |  4.4
Transmutations | 4 5 |  5.9
Fire Magic     | 1 2 3 4 |  4.4
Ice Magic      | 1 2 3 4 |  4.4
Air Magic      | 1 2 3 4 |  4.4
Earth Magic    | 1 2 3 4 |  4.4
Poison Magic   | 1 2 3 4 |  4.4
Invocations    | 1 2 3 4 5 |  5.9
Evocations     | 1 2 3 4 5 |  5.3
Dodging        | 5 6 7 |  7.1
Unarmed Combat | 7 8 |  8.5

Action                   |  1- 3 |  4- 6 |  7- 9 | 10-12 || total
-------------------------+-------+-------+-------+-------++-------
Melee: Unarmed           |    52 |    61 |   218 |    57 ||   388
       Bite              |     2 |     9 |    49 |    12 ||    72
       Punch             |     2 |     5 |    19 |     4 ||    30
       Dagger            |       |    66 |   316 |    11 ||   393
       Hand axe          |       |       |       |    40 ||    40
 Cast: Spider Form       |     1 |     8 |    36 |     6 ||    51
       Sticks to Snakes  |       |       |    10 |     4 ||    14
  Use: Potion            |       |       |     1 |       ||     1
 Stab: Sleeping          |       |     1 |     8 |     3 ||    12
  Eat: Chunk             |       |     4 |    21 |     2 ||    27
       Ration            |       |       |     1 |     1 ||     2
Armor: Robe              |     6 |     9 |     8 |       ||    23
       Skin              |       |     7 |     2 |     1 ||    10
       Ring mail         |       |       |    67 |    12 ||    79
Dodge: Dodged            |    34 |    63 |   410 |    90 ||   597

Table legend:
 A = Spawn XP
 B = Non-spawn XP
 C = Spawn XP percentage of total XP
 D = Spawn monster count
 E = Non-spawn monster count
 F = Spawn count percentage of total count
 G = Total turns spent on level
                    A         B        C        D         E        F      G
               +---------+---------+-------+---------+---------+-------+---------
         Total |       0 |    7528 |   0.0 |       0 |     193 |   0.0 |  9383
               +---------+---------+-------+---------+---------+-------+---------
           D:1 |       0 |      36 |   0.0 |       0 |      16 |   0.0 |   421
           D:2 |       0 |     330 |   0.0 |       0 |      28 |   0.0 |  1145
           D:3 |       0 |     289 |   0.0 |       0 |      32 |   0.0 |  1799
           D:4 |       0 |     805 |   0.0 |       0 |      22 |   0.0 |   783
           D:5 |       0 |     175 |   0.0 |       0 |      10 |   0.0 |   717
           D:6 |       0 |    1064 |   0.0 |       0 |      27 |   0.0 |  2159
           D:7 |       0 |    1216 |   0.0 |       0 |      26 |   0.0 |  1414
           D:8 |       0 |     680 |   0.0 |       0 |       9 |   0.0 |   160
           D:9 |       0 |    2933 |   0.0 |       0 |      23 |   0.0 |   669
               +---------+---------+-------+---------+---------+-------+---------

Vault maps used:
D:1:      minmay_arrival_split_and_join
D:2:      first_ration, kennysheep_pointless_box, minmay_pentomino_x4,
          uniq_sigmund, uniq_robin, uniq_jessica
D:3:      minmay_item_behind_shaft, hangedman_decor_clover_reticule,
          dk_noncrumbling_3, uniq_crazy_yiuf_cottage
D:4:      cheibrodos_pilgrimage, fedhas_altar_1
D:5:      ashenzari_altar_1, chequers_temple_overflow_statue_of_worship
D:6:      kennysheep_slugbush, uniq_menkaure
D:7:      minmay_thick_lines, bloody_trog, minmay_temple_entry_statues_pillars,
          lightli_corner_chamber
D:8:      okawaru_metal_pillars_1_2, hangedman_little_slice_of_home, uniq_grum
D:9:      due_lair_maze_entry_diamond
Temple:   kb_temple_of_zot

Table legend:
 A = Turns spent in this place as a percentage of turns spent in the entire game.
 B = Non-inter-level travel turns spent in this place as a percentage of non-inter-level travel turns spent in the entire game.
 C = Inter-level travel turns spent in this place as a percentage of turns spent in this place.
 D = Turns resting spent in this place as a percentage of non-inter-level travel turns spent in this place.
 E = Turns spent auto-exploring this place as a percentage of non-inter-level travel turns spent in this place.
 F = Non-inter-level travel turns spent in this place divided by the number of levels of this place that you've seen.
                   A       B       C       D       E      F
               +-------+-------+-------+-------+-------+----------------------
         Total | 100.0 | 100.0 |   2.3 |  33.3 |  45.9 | 916.6
       Dungeon |  98.8 |  99.0 |   2.1 |  33.6 |  45.4 | 1007.9
        Temple |   1.2 |   1.0 |  18.1 |   0.0 |  94.7 |  95.0
               +-------+-------+-------+-------+-------+----------------------

Table legend:
 A = Kills in this place as a percentage of kills in entire the game.
 B = Kills by you in this place as a percentage of kills by you in the entire game.
 C = Kills by friends in this place as a percentage of kills by friends in the entire game.
 D = Other kills in this place as a percentage of other kills in the entire game.
 E = Experience gained in this place as a percentage of experience gained in the entire game.
 F = Experience gained in this place divided by the number of levels of this place that you have seen.
                   A       B       C       D       E      F
               +-------+-------+-------+-------+-------+----------------------
         Total | 100.0 | 100.0 | 100.0 |   N/A | 100.0 | 752.8
       Dungeon | 100.0 | 100.0 | 100.0 |   N/A | 100.0 | 836.4
               +-------+-------+-------+-------+-------+----------------------
